 Seeded DCSS version 0.30-a0-1043-g60ff8d5f49 (webtiles) character file.

Game seed: 3425090202442293766 (custom seed)

133240 tkbsonic5 the Warrior (level 16, -5/149 HPs)
             Began as a Minotaur Wanderer on Mar 25, 2023.
             Was the Champion of Cheibriados.
             Killed from afar by Aizul (16 damage)
             ... with a bolt of poison
             ... on level 1 of the Snake Pit on Apr 10, 2023.
             The game lasted 02:25:32 (24785 turns).

tkbsonic5 the Warrior (Minotaur Wanderer)          Turns: 24785, Time: 02:25:33

Health: -5/149     AC: 27    Str: 43    XL:     16   Next: 59%
Magic:  20/25      EV: 24    Int: 22    God:    Cheibriados [******]
Gold:   1060       SH:  5    Dex: 26    Spells: 1/17 levels left

rFire   . . .      SeeInvis +    P - +2 demon whip (venom) {Manifest Vengeance}
rCold   + . .      Faith    .    (no shield)
rNeg    . . .      Spirit   .    I - +3 plate armour {rC+}
rPois   .          Reflect  +    B - +1 hat
rElec   .          Rampage  .    D - +2 cloak {rCorr}
rCorr   +          Rnd*Tele +    w - +0 pair of gloves
Will    +++..                    W - +2 pair of slick slippers {slick, slippery, EV+4, Comfy Slippers} Stlth
                                 r - amulet of reflection
HPRegen 0.44/turn                N - ring "Qaese" {Will++ Str+2 Slay+4}
MPRegen 0.19/turn                x - ring of wizardry

@: mighty, lethally poisoned (-5 -> -35), studying 2 skills, very slow
A: horns 2, retaliatory headbutt, see invisible, teleportitis 1
a: Renounce Religion, Bend Time, Temporal Distortion, Slouch, Step From Time


You were on level 1 of the Snake Pit.
You worshipped Cheibriados.
Cheibriados was exalted by your worship.
You visited 4 branches of the dungeon, and saw 23 of its levels.

You collected 3464 gold pieces.
You spent 2404 gold pieces at shops.

Inventory:

Hand Weapons
 j - a +2 vampiric great mace {Femboy Red}
 l - a +0 arbalest {blank flag pistol}
 y - a +1 heavy battleaxe
 C - a +0 morningstar
 F - a +1 antimagic whip
 O - the +11 shortbow of Conservatism {elec, Will+, This Machine Kills Conservatives}
   (You bought it in a shop on level 2 of the Orcish Mines)

   Will:      It increases your willpower.
 P - a +2 demon whip of venom (weapon) {Manifest Vengeance}
 Q - a +4 mace
 T - a +2 vampiric falchion
Missiles
 L - 12 poisoned darts (quivered)
 Z - 6 javelins
Armour
 g - a +3 plate armour
 u - a +1 pair of boots
 w - a +0 pair of gloves (worn)
 B - a +1 hat (worn)
 D - a +2 cloak of preservation (worn)
 I - a +3 plate armour of cold resistance (worn)
 R - a +0 kite shield
 W - the +2 pair of slick slippers (worn) {slick, slippery, EV+4, Comfy Slippers}
   (You acquired it on level 13 of the Dungeon)

   Slick:     Its wearer cannot be constricted, engulfed, netted or webbed.
   Slippery:  It slips away from damaging melee attacks, pulling the attacker
   onward.
   EV:        It affects your evasion (+4).
Jewellery
 e - a ring of see invisible
 m - a ring of ice
 p - a ring of ice
 r - an amulet of reflection (around neck)
 x - a ring of wizardry (right hand)
 z - a ring of poison resistance
 A - an amulet of regeneration
 K - a ring of magical power
 M - a ring of ice
 N - the ring "Qaese" (left hand) {Will++ Str+2 Slay+4}
   (You found it on level 14 of the Dungeon)

   [ring of slaying]

   Str:       It affects your strength (+2).
   Slay:      It affects your accuracy & damage with ranged weapons and melee
   (+4).
   Will:      It greatly increases your willpower.
 S - a +4 ring of protection
 V - a +6 ring of intelligence
 Y - a ring of fire
Wands
 E - a wand of digging (3)
Scrolls
 c - 2 scrolls of silence
 d - 12 scrolls of identify
 n - 8 scrolls of teleportation
 q - 3 scrolls of fog
 s - 5 scrolls of magic mapping
 t - 2 scrolls of amnesia
Potions
 b - a potion of cancellation
 f - 7 potions of lignification
 h - 3 potions of flight
 i - 8 potions of curing
 k - 4 potions of brilliance
 v - 2 potions of magic
 G - 6 potions of heal wounds
 H - 2 potions of mutation
 U - 3 potions of might
Miscellaneous
 o - a phial of floods
 J - a condenser vane (inert)
 X - a tin of tremorstones (2/2)


   Skills:
 * Level 15.1 Fighting
 - Level 5.9 Long Blades
 - Level 7.0(11.5) Axes
 + Level 14.0(14.7) Maces & Flails
 * Level 8.4 Ranged Weapons
 - Level 9.1 Throwing
 + Level 13.4 Armour
 + Level 12.4 Dodging
 * Level 11.6 Shields
 + Level 1.3 Spellcasting
 - Level 1.3 Necromancy
 + Level 1.0 Translocations
 + Level 1.1 Transmutations
 + Level 14.3 Invocations
 - Level 6.0 Evocations


You had one spell level left.
You knew the following spells:

 Your Spells              Type           Power      Damage    Failure   Level
a - Kiss of Death         Conj/Necr      16%        2d6       16%         1
b - Wereblood             Tmut           6%         N/A       21%         2
c - Cigotuvi's Dreadful   Necr/Pois/Air  6%         N/A       26%         2
d - Blink                 Tloc           12%        N/A       21%         2
e - Sandblast             Erth           2%         2d4       21%         1
f - Passwall              Tmut/Erth      2%         N/A       26%         2
g - Poisonous Vapours     Pois/Air       2%         N/A       30%         2
h - Mephitic Cloud        Conj/Pois/Air  1%         N/A       50%         3
i - Foxfire               Conj/Fire      4%         2x1d4     21%         1

Your spell library contained the following spells:

 Spells                   Type           Power      Damage    Failure   Level
 Sublimation of Blood     Necr           7%         N/A       17%         2
 Vampiric Draining        Necr           7%         2d6       32%         3
 Portal Projectile        Hex/Tloc       6%         N/A       43%         3
 Inner Flame              Hex/Fire       1%         N/A       50%         3
 Stone Arrow              Conj/Erth      2%         3d7       50%         3
 Tukima's Dance           Hex            1%         N/A       50%         3
 Animate Dead             Necr           7%         N/A       71%         4
 Manifold Assault         Tloc           6%         N/A       75%         4
 Flame Wave               Conj/Fire      1%         2d4       87%         4
 Sticky Flame             Conj/Fire      1%         2d3       87%         4
 Blade Hands              Tmut           3%         N/A       97%         5
 Fireball                 Conj/Fire      0%         3d3       99%         5
 Starburst                Conj/Fire      0%         6d3       100%        6
 Haunt                    Necr/Summ      2%         N/A       100%        7
 Storm Form               Tmut/Air       1%         N/A       100%        7
 Summon Hydra             Summ           0%         N/A       100%        7
 Infestation              Necr           3%         N/A       100%        8


Dungeon Overview and Level Annotations

Branches:
Dungeon (15/15)            Temple (0/1) D:5            Lair (5/5) D:10
 Shoals (0/4) Lair:3        Snake (1/4) Lair:3        Slime (0/5) Lair:5
    Orc (2/2) D:10            Elf (0/3) Orc:2        Vaults (0/5) D:13
 Depths (0/4) D:15

Altars:
Cheibriados
Elyvilon
Gozag
Nemelex Xobeh
Okawaru
Qazlal
Trog
Uskayaw
Wu Jian
Xom
Yredelemnul
Zin
Lugonu

Shops:
D:2 ?(   D:6 *=   D:13 ?   D:15 *   Orc:2 =:(([

Portals:
Abyss: Lair:5

Annotations:
D:9 2 transporters, bmack86's ghost, novice MiFi
D:11 2 transporters, Uphilano's ghost, journeyman MiFi
D:13 3 runed translucent doors, cforsyth's ghost, journeyman VSFi
Snake:1 Aizul
Orc:2 3 runed translucent doors, ShinQuickMan's ghost, journeyman HuCj


Innate Abilities, Weirdness & Mutations

You have a pair of horns on your head.
You reflexively headbutt those who attack you in melee.
You have supernaturally acute eyesight. (SInv)
You are occasionally teleported next to monsters.


Message History

You kill the black mamba!
Cheibriados thoroughly appreciates the change of pace.
You kill the black mamba!
Cheibriados thoroughly appreciates the change of pace.
You kill the black mamba!
Cheibriados thoroughly appreciates the change of pace.
You kill the black mamba!
Cheibriados thoroughly appreciates the change of pace.
You kill the black mamba!
Cheibriados thoroughly appreciates the change of pace.
You are engulfed in a thunderstorm.
You feel very sick.
The anaconda is engulfed in a thunderstorm.
You kill the anaconda!
Cheibriados thoroughly appreciates the change of pace.
Aizul hits you!
* * * LOW HITPOINT WARNING * * *
You slip backwards!
The naga ritualist is engulfed in a thunderstorm.
The naga is engulfed in a thunderstorm.
You kill the naga!
Cheibriados appreciates the change of pace.
Aizul coils herself and waves her upper body at you.
You resist with almost no effort.
Your Translocations skill increases to level 1!
Your Transmutations skill increases to level 1!
You feel much better.
You are engulfed in a thunderstorm.
* * * LOW HITPOINT WARNING * * *
You feel sick.
Aizul is engulfed in a thunderstorm.
You block Aizul's attack.
Blink to where?
Press: ? - help, Dir - move target A naga, a naga ritualist and a black mamba come into view.
As you read the scroll of blinking, it crumbles to dust.
You feel sick.
The naga shouts!
The naga ritualist shouts!
An anaconda comes into view.
Aizul coils herself and waves her upper body at you.
The bolt of poison hits you!
You are lethally poisoned!
You die...

.....§§§§§§N§§§...
##......##.§§§§§§##
##...# ###§§§§§§§#
#....###
#.S§§...#N...
......##...$†#.##
N.. #.............#
.
####..........##..
...N.....###### #..
#.....@.# ...
###.....# ..
#......... ..
#......####
#....S## ###..N
#..S ##..


You could see Aizul, an anaconda, a naga ritualist, a black mamba and a naga.

Vanquished Creatures
  2 very ugly things (D:15)
  An orc warlord (Orc:1)
  Nessos (D:13)
  An entropy weaver (shapeshifter) (Lair:5)
  Fannar (Orc:1)
  Erolcha (Orc:1)
  A great orb of eyes (shapeshifter) (D:13)
  10 hydras
  An ogre mage (D:13)
  3 catoblepae
  6 anacondas
  6 centaur warriors
  8 boulder beetles
  9 two-headed ogres
  3 death yaks (Lair:1)
  3 tengu warriors
  A shock serpent (Snake:1)
  3 thrashing horrors (Lair:5)
  Urug (D:13)
  Sonja (Lair:3)
  A fire crab (D:13)
  Amaemon (Lair:1)
  A skeletal warrior (D:13)
  4 skysharks
  A glowing orange brain (D:15)
  A wizard (D:13)
  Pikel (D:9)
  3 lindwurms
  4 deep elf zephyrmancers (Orc:1)
  A mana viper (Snake:1)
  The ghost of fozzywoppz the Shield-Bearer, a novice FoFi (D:6)
  10 deep elf pyromancers
  2 orc knights (Orc:1)
  22 ugly things
  6 cyclopes
  7 orc sorcerers
  3 manticores
  A moth of wrath (Orc:2)
  29 elephants
  A smoke demon (Lair:5)
  A naga mage (Snake:1)
  20 black mambas
  An orange demon (Lair:1)
  2 unseen horrors (D:13)
  10 cane toads
  2 gargoyles
  Psyche (D:9)
  3 yaktaurs (D:15)
  2 efreet (D:13)
  A tengu conjurer (D:15)
  11 komodo dragons
  An ancient zyme (Lair:5)
  8 trolls
  3 polar bears
  Grinder (D:4)
  15 blink frogs
  A hornet (D:8)
  9 dream sheep
  Sigmund (D:3)
  2 shadows
  9 slime creatures
  5 wyverns
  A spriggan (Lair:5)
  A vampire (D:12)
  2 ynoxinuls (Lair:5)
  4 wraiths
  55 yaks
  22 humans
  A basilisk (shapeshifter) (D:14)
  A steam dragon (D:8)
  2 chaos spawn (Lair:5)
  13 wargs
  7 basilisks
  2 large abominations (Lair:5)
  12 vampire mosquitoes
  2 acid dragons
  5 nagas
  A swamp worm (shapeshifter) (D:15)
  13 water moccasins
  A sky beast (D:7)
  10 small abominations (Lair:5)
  25 orc warriors
  2 ice beasts
  3 black bears
  12 wolves
  10 ogres
  A wolf (shapeshifter) (D:13)
  A lemure (D:9)
  11 centaurs
  2 kobold brigands
  A gnoll sergeant (D:6)
  3 scorpions
  11 bullfrogs
  5 killer bees (D:11)
  3 electric eels
  5 howler monkeys
  11 hounds
  A jelly (D:6)
  17 orc priests
  2 sleepcaps (D:6)
  Terence (D:3)
  2 iguanas (D:6)
  43 orc wizards
  6 adders
  7 gnolls
  A shadow imp (D:5)
  2 worms
  14 dart slugs
  96 orcs
  8 ball pythons
  7 bats
  5 endoplasms
  3 giant cockroaches
  11 goblins
  6 hobgoblins
  A jackal (D:7)
  10 kobolds
  A quokka (D:2)
  4 frilled lizards
  13 rats
794 creatures vanquished.

Vanquished Creatures (collateral kills)
  A troll (Orc:1)
  A warg (Orc:1)
  An orc warrior (Orc:1)
  An ogre (Orc:1)
  An orc wizard (Orc:1)
  5 orcs (Orc:1)
10 creatures vanquished.

Vanquished Creatures (others)
  2 wizards
  2 black mambas (Snake:1)
  A troll (Orc:1)
  A shadow (D:12)
  2 yaks
  3 orc warriors (Orc:1)
  An ogre (Orc:1)
  3 orcs
  51 fungi
  35 plants
101 creatures vanquished.

Grand Total: 905 creatures vanquished

Notes
Turn   | Place    | Note
-------+----------+-------------------------------------------
     0 | D:1      | tkbsonic5 the Minotaur Wanderer began the quest for the
                  | Orb.
     0 | D:1      | tkbsonic5 set off with the following items: a +0 mace, a +0
                  | cloak, a potion of haste, a +0 leather armour; and the
                  | following spell memorised: Kiss of Death; and the following
                  | spells available to memorise: Sublimation of Blood,
                  | Vampiric Draining.
     0 | D:1      | Reached XP level 1. HP: 16/16 MP: 1/1
   133 | D:1      | Reached XP level 2. HP: 18/24 MP: 2/2
   244 | D:1      | Reached skill level 2 in Fighting
   244 | D:1      | Reached skill level 1 in Armour
   573 | D:1      | Found a faded altar of an unknown god.
   580 | D:1      | Prayed at the altar of an unknown god.
   580 | D:1      | Became a worshipper of Cheibriados the Contemplative
   580 | D:1      | Reached * piety under Cheibriados
   596 | D:1      | Upgraded the game from 0.30-a0-937-ga0a21ad780 to
                  | 0.30-a0-939-gc8157cb160
   717 | D:2      | Reached XP level 3. HP: 26/27 MP: 3/3
   848 | D:2      | Found Nareh's Weapon Boutique.
   875 | D:2      | Bought 6 poisoned darts for 43 gold pieces
   946 | D:2      | Reached ** piety under Cheibriados
  1128 | D:2      | Reached XP level 4. HP: 37/37 MP: 4/4
  1263 | D:2      | Found Lipoy's Magic Scroll Boutique.
  1268 | D:2      | Bought 2 scrolls of identify for 44 gold pieces
  1268 | D:2      | Bought a scroll of identify for 22 gold pieces
  1268 | D:2      | Identified 2 scrolls of acquirement
  1275 | D:2      | Acquired a manual of Invocations
  1278 | D:2      | Acquired a +2 heavy war axe
  1760 | D:3      | Noticed Sigmund
  1770 | D:3      | Killed Sigmund
  1771 | D:3      | Reached skill level 3 in Fighting
  1771 | D:3      | Reached skill level 1 in Axes
  1771 | D:3      | Reached skill level 1 in Throwing
  1771 | D:3      | Reached XP level 5. HP: 39/45 MP: 1/6
  1771 | D:3      | Reached XP level 6. HP: 44/51 MP: 1/7
  2000 | D:3      | Noticed Terence
  2002 | D:3      | Killed Terence
  2526 | D:4      | Noticed Grinder
  2527 | D:4      | Paralysed by Grinder for 4 turns
  2595 | D:4      | Acquired a manual of Shields
  2597 | D:4      | Acquired 938 gold pieces
  2607 | D:4      | Paralysed by Grinder for 5 turns
  2628 | D:4      | Paralysed by Grinder for 2 turns
  2632 | D:4      | Killed Grinder
  2633 | D:4      | Reached skill level 4 in Fighting
  2633 | D:4      | Reached skill level 1 in Shields
  2633 | D:4      | Reached XP level 7. HP: 37/59 MP: 7/9
  3072 | D:4      | Found a white marble altar of Elyvilon.
  3072 | D:4      | Found a basalt altar of Yredelemnul.
  3073 | D:4      | Found an ornate altar of the Wu Jian Council.
  3161 | D:4      | You fall into a shaft and drop 2 floors!
  3172 | D:6      | Found a bloodstained altar of Trog.
  3238 | D:6      | Reached *** piety under Cheibriados
  3355 | D:6      | Found a runed translucent gate.
  3355 | D:6      | Noticed fozzywoppz's ghost (novice FoFi)
  3432 | D:6      | Reached XP level 8. HP: 50/67 MP: 10/10
  3549 | D:6      | Found a runed translucent gate.
  3549 | D:6      | Found a runed translucent gate.
  3562 | D:6      | Gained mutation: Your spells are a little easier to cast,
                  | but a little less powerful. [potion of mutation]
  3562 | D:6      | Lost mutation: Your spells are a little easier to cast, but
                  | a little less powerful. [potion of mutation]
  3562 | D:6      | Gained mutation: You are weak. (Str -2) [potion of
                  | mutation]
  3578 | D:6      | Reached skill level 5 in Invocations
  3579 | D:6      | Reached skill level 1 in Long Blades
  3922 | D:6      | Found Kausagei's Jewellery Shop.
  3931 | D:6      | Bought an amulet of reflection for 450 gold pieces
  3931 | D:6      | Bought a ring of poison resistance for 300 gold pieces
  3963 | D:6      | Found Xyeg's General Store.
  3965 | D:6      | Lost mutation: You are weak. (Str -2) [potion of mutation]
  3965 | D:6      | Gained mutation: You have supernaturally acute eyesight.
                  | (SInv) [potion of mutation]
  3965 | D:6      | Gained mutation: You are occasionally teleported next to
                  | monsters. [potion of mutation]
  3971 | D:6      | Bought 2 scrolls of teleportation for 78 gold pieces
  3971 | D:6      | Bought a scroll of fear for 52 gold pieces
  3971 | D:6      | Bought a scroll of teleportation for 39 gold pieces
  4013 | D:6      | Reached skill level 5 in Fighting
  4146 | D:6      | Found a glowing silver altar of Zin.
  4159 | D:6      | Reached skill level 5 in Axes
  4159 | D:6      | Reached skill level 1 in Ranged Weapons
  4617 | D:7      | HP: 3/68 [orc priest/nerve-wracking pain (11)]
  4912 | D:7      | Reached skill level 5 in Armour
  4912 | D:7      | Reached XP level 9. HP: 67/75 MP: 12/12
  4915 | D:7      | Reached skill level 5 in Dodging
  4918 | D:7      | Reached skill level 6 in Fighting
  4936 | D:7      | Reached **** piety under Cheibriados
  4940 | D:7      | Reached skill level 5 in Long Blades
  5215 | D:7      | Reached skill level 7 in Fighting
  5764 | D:8      | Found a hide-covered altar of Uskayaw.
  5775 | D:8      | Reached XP level 10. HP: 86/86 MP: 14/14
  6134 | D:8      | Noticed a purple ugly thing
  6138 | D:8      | Killed a purple ugly thing
  6227 | D:8      | Reached skill level 5 in Maces & Flails
  6640 | D:9      | Found a stormy altar of Qazlal.
  6815 | D:9      | Noticed Psyche
  6825 | D:9      | Killed Psyche
  7002 | D:9      | Noticed a moth of wrath
  7012 | D:9      | Found a transporter.
  7017 | D:9      | Noticed bmack86's ghost (novice MiFi)
  7033 | D:9      | Found a transporter.
  7300 | D:9      | Noticed Pikel
  7311 | D:9      | Killed Pikel
  7445 | D:9      | Reached skill level 8 in Fighting
  7548 | D:10     | Entered Level 10 of the Dungeon
  7565 | D:10     | Reached skill level 10 in Invocations
  7567 | D:10     | Reached skill level 5 in Ranged Weapons
  7571 | D:10     | Reached XP level 11. HP: 54/94 MP: 17/17
  7775 | D:10     | Found an opulent altar of Gozag.
  7776 | D:10     | Found a sparkling altar of Nemelex Xobeh.
  7836 | D:10     | Found a staircase to the Lair.
  8236 | D:10     | Found a staircase to the Orcish Mines.
  8620 | D:5      | Entered Level 5 of the Dungeon
  8626 | D:5      | Reached ***** piety under Cheibriados
  8629 | D:5      | Found a staircase to the Ecumenical Temple.
  8758 | D:5      | Found an iron altar of Okawaru.
  8927 | D:5      | Identified the +2 robe of a Hundred Friends {rElec Str+4
                  | Int-5 Slay+3}
  9328 | D:6      | Reached skill level 1 in Evocations
  9332 | D:6      | Killed fozzywoppz's ghost
  9475 | D:11     | Noticed a two-headed ogre
  9482 | D:11     | Killed a two-headed ogre
  9528 | D:11     | Noticed Uphilano's ghost (journeyman MiFi)
  9539 | D:11     | Found a transporter.
  9565 | D:11     | Found a transporter.
  9931 | D:11     | Noticed a boulder beetle
  9936 | D:11     | Killed a boulder beetle
  9937 | D:11     | Reached skill level 9 in Fighting
 10138 | Lair:1   | Entered Level 1 of the Lair of Beasts
 10139 | Lair:1   | Upgraded the game from 0.30-a0-939-gc8157cb160 to
                  | 0.30-a0-948-g4fa250aae5
 10301 | Lair:1   | Noticed Amaemon
 10311 | Lair:1   | Killed Amaemon
 10612 | Lair:1   | Reached XP level 12. HP: 89/105 MP: 19/19
 10679 | Lair:1   | Noticed a death yak
 10680 | Lair:1   | Noticed a death yak
 10682 | Lair:1   | Noticed a death yak
 10694 | Lair:1   | Killed a death yak
 10695 | Lair:1   | Reached skill level 5 in Throwing
 10700 | Lair:1   | Killed a death yak
 10703 | Lair:1   | Killed a death yak
 11606 | Lair:2   | Reached skill level 10 in Fighting
 11764 | Lair:2   | Noticed a seven-headed hydra
 11769 | Lair:2   | Killed a seven-headed hydra
 11801 | Lair:2   | Noticed a catoblepas
 11816 | Lair:2   | Killed a catoblepas
 11893 | Lair:2   | Reached skill level 10 in Armour
 11902 | Lair:2   | Reached skill level 10 in Maces & Flails
 11962 | Lair:2   | Reached skill level 11 in Fighting
 11962 | Lair:2   | Reached XP level 13. HP: 98/116 MP: 21/21
 12957 | Lair:3   | Found a staircase to the Snake Pit.
 13082 | Lair:3   | Noticed Sonja
 13110 | Lair:3   | Killed Sonja
 13550 | Lair:3   | Found a staircase to the Shoals.
 14114 | Lair:4   | Reached skill level 12 in Fighting
 14123 | Lair:4   | Reached skill level 10 in Dodging
 14236 | Lair:4   | Reached ****** piety under Cheibriados
 14622 | Lair:5   | Entered Level 5 of the Lair of Beasts
 14790 | Lair:5   | Reached XP level 14. HP: 76/127 MP: 18/23
 15490 | Lair:5   | Identified the +9 spear "Dioxal" {freeze, rN+ Str-4 Int+2}
 15496 | Lair:5   | Reached skill level 13 in Fighting
 16126 | Lair:5   | Found a staircase to the Slime Pits.
 16650 | Lair:5   | Found a corrupted altar of Lugonu.
 16650 | Lair:5   | Found a one-way gate to the infinite horrors of the Abyss.
 16927 | D:12     | Upgraded the game from 0.30-a0-948-g4fa250aae5 to
                  | 0.30-a0-956-gcec3b41aec
 16927 | D:12     | Upgraded the game from 0.30-a0-956-gcec3b41aec to
                  | 0.30-a0-965-g42e074c17a
 18286 | D:12     | Upgraded the game from 0.30-a0-965-g42e074c17a to
                  | 0.30-a0-972-gf3ab3527aa
 18602 | D:13     | Noticed Nessos
 18602 | D:13     | Noticed Urug
 18602 | D:13     | Found a gate to the Vaults.
 18623 | D:13     | Reached skill level 5 in Shields
 18629 | D:13     | Killed Nessos
 18630 | D:13     | Reached XP level 15. HP: 100/136 MP: 21/24
 18637 | D:13     | Killed Urug
 18714 | D:13     | Found a runed translucent gate.
 18714 | D:13     | Found a runed translucent gate.
 18714 | D:13     | Found a runed translucent gate.
 18716 | D:13     | Noticed cforsyth's ghost (journeyman VSFi)
 19220 | D:13     | Acquired the +2 pair of slick slippers {slick, slippery,
                  | EV+4}
 19220 | D:13     | Found the +2 pair of slick slippers {slick, slippery, EV+4}
 19364 | D:13     | Found Taulo's Magic Scroll Shoppe.
 19459 | D:13     | Reached skill level 14 in Fighting
 19493 | D:13     | Bought a scroll of enchant weapon for 105 gold pieces
 19493 | D:13     | Bought a scroll of teleportation for 42 gold pieces
 19493 | D:13     | Bought a scroll of magic mapping for 105 gold pieces
 19504 | D:13     | Found a shimmering altar of Xom.
 19506 | D:13     | Found a shimmering altar of Xom.
 19506 | D:13     | Found a shimmering altar of Xom.
 19506 | D:13     | Found a shimmering altar of Xom.
 19506 | D:13     | Found a shimmering altar of Xom.
 19507 | D:13     | Found a shimmering altar of Xom.
 19507 | D:13     | Found a shimmering altar of Xom.
 19602 | D:13     | Found a shimmering altar of Xom.
 20282 | D:14     | Identified the ring "Qaese" {Will++ Str+2 Slay+4}
 20836 | D:15     | Entered Level 15 of the Dungeon
 20949 | D:15     | Reached skill level 5 in Evocations
 21804 | D:15     | Found a staircase to the Depths.
 22059 | D:15     | Found Pial's General Store.
 22064 | D:15     | Bought a wand of iceblast (2) for 67 gold pieces
 22064 | D:15     | Bought a wand of flame (12) for 117 gold pieces
 22064 | D:15     | Bought a scroll of poison for 56 gold pieces
 22188 | Orc:1    | Entered Level 1 of the Orcish Mines
 22189 | Orc:1    | Upgraded the game from 0.30-a0-972-gf3ab3527aa to
                  | 0.30-a0-1018-g25214051b3
 22204 | Orc:1    | Reached XP level 16. HP: 133/147 MP: 25/25
 22510 | Orc:1    | Noticed Fannar
 22520 | Orc:1    | Killed Fannar
 22521 | Orc:1    | Reached skill level 10 in Shields
 22592 | Orc:1    | Noticed Erolcha
 22612 | Orc:1    | Killed Erolcha
 23041 | Orc:2    | Entered Level 2 of the Orcish Mines
 23041 | Orc:2    | Found a staircase to the Elven Halls.
 23110 | Orc:2    | Noticed ShinQuickMan's ghost (journeyman HuCj)
 23119 | Orc:2    | Found Fotsibly's Jewellery Boutique.
 23164 | Orc:2    | Found a frozen archway.
 23708 | Orc:2    | Found Jiot's Armour Shop.
 23708 | Orc:2    | Found Jeuzak's Weapon Emporium.
 23741 | Orc:2    | Bought the +11 shortbow of Conservatism {elec, Will+} for
                  | 826 gold pieces
 23751 | Orc:2    | Bought a +0 kite shield for 58 gold pieces
 23953 | Orc:2    | Found a runed translucent gate.
 23953 | Orc:2    | Found a runed translucent gate.
 23955 | Orc:2    | Found a runed translucent gate.
 24103 | Orc:2    | Found Paxum's Weapon Shop.
 24103 | Orc:2    | Found Veusifep's Book Emporium.
 24122 | Orc:2    | Learned a level 2 spell: Wereblood
 24125 | Orc:2    | Learned a level 2 spell: Cigotuvi's Dreadful Rot
 24128 | Orc:2    | Learned a level 2 spell: Blink
 24130 | Orc:2    | Learned a level 1 spell: Sandblast
 24133 | Orc:2    | Learned a level 2 spell: Passwall
 24136 | Orc:2    | Learned a level 2 spell: Poisonous Vapours
 24140 | Orc:2    | Learned a level 3 spell: Mephitic Cloud
 24142 | Orc:2    | Learned a level 1 spell: Foxfire
 24471 | Snake:1  | Entered Level 1 of the Snake Pit
 24472 | Snake:1  | Upgraded the game from 0.30-a0-1018-g25214051b3 to
                  | 0.30-a0-1043-g60ff8d5f49
 24484 | Snake:1  | Noticed Aizul
 24770 | Lair:3   | Reached skill level 15 in Fighting
 24784 | Snake:1  | Reached skill level 1 in Translocations
 24784 | Snake:1  | Reached skill level 1 in Transmutations
 24785 | Snake:1  | Killed from afar by Aizul

Illustrated notes

Levels and vault maps discovered:
D:1:      minmay_arrival_loop, layout_basic, ebering_ecumenical_altar_webs,
          moated_statue, minmay_tetromino_s2
D:2:      minmay_angry_zag, layout_basic, serial_shops,
          nicolae_shop_behind_doors, nicolae_shop_bloodbath_and_beyond,
          minmay_cut_off
D:3:      kennysheep_slugbush, layout_basic, uniq_sigmund, uniq_terence
D:4:      layout_layer_cave, gammafunk_temple_overflow_claw,
          nicolae_tso_besieged_by_evil, minivault_24, uniq_grinder
D:5:      layout_loops_ring, mainiacjoe_overflow_small_starburst,
          minmay_temple_entry_grid, minmay_misc_feat_square
D:6:      cheibrodos_iron_armory, layout_basic, bloody_trog, marbit_many_paths,
          serial_shops, shop, shop, biasface_ghost_orc_armoury,
          minmay_manual_mares
D:7:      erik_cavepeople, layout_basic
D:8:      layout_gridville, nicolae_uskayaw_dance_hall
D:9:      layout_loops_corners, grunt_qazlal_clouds,
          gammafunk_ghost_berserking_beasts, uniq_psyche, uniq_pikel
D:10:     layout_loops_ring, grunt_temple_overflow_opulence,
          erik_lair_orcish_takeover, orc_0_dummy, enter_bailey_5
D:11:     layout_loops_cross, gammafunk_ghost_stat_death
D:12:     layout_long_grid
D:13:     minmay_the_grid_octo_tiled_squarecenter [minmay_the_grid_octo_focus,
          minmay_the_grid_octo_clover, minmay_the_grid_octo_fat_diamond,
          minmay_the_grid_octo_vomiting_pacman,
          minmay_the_grid_square_5x5_megaprize_hollow,
          minmay_the_grid_square_5x5_fat_x,
          minmay_the_grid_square_5x5_two_walls_b,
          minmay_the_grid_square_5x5_hourglass,
          minmay_the_grid_square_5x5_sharp_hourglass], layout_cave_pools,
          david_vaults_3, serial_shops, nicolae_shop_window_shopping,
          gammafunk_ghost_spectres, columned_hall_lemuel, xom_shifter_show
D:14:     layout_loops_ring, dreamdust_princess_corridor
D:15:     gammafunk_enter_depths_forms, layout_irregular_city,
          hangedman_decor_lopped, serial_shops, shop
Lair:1:   layout_cave_pods, nicolae_quartered_pool_little, grunt_megastairs_3,
          uniq_amaemon, uniq_urug
Lair:2:   layout_roguey, infiniplex_staircase_pool_2
Lair:3:   layout_cave_pods, elwin_shoals_entry_rooms,
          guppyfry_snake_entry_island, uniq_sonja
Lair:4:   layout_long_grid, lemuel_old_faithful
Lair:5:   hellmonk_lair_end_abyssal_woods, layout_misc_corridors,
          dpeg_slime_entry_enclosed, minivault_11
Snake:1:  layout_misc_corridors, ebering_ghost_xom, drop_trap, st_stairs_5,
          nicolae_snake_lava_pool, uniq_aizul, uniq_mlioglotl
Orc:1:    layout_caves, elves_outpost_lemuel, uniq_fannar, uniq_erolcha
Orc:2:    st_orc_town, layout_caves, maelrawn_ghost_gauntlet_escape,
          serial_shops, nicolae_shop_statue_plus,
          portal_ice_cave_entry_pillars_2, nooodl_orcs_dogs

Skill      XL: |  1  2  3  4  5  6  7  8  9 10 11 12 13 14 15 16 |
---------------+-------------------------------------------------+-----
Fighting       | 2 3 4 5 7 8 9 11 12 13 14 15 | 15.1
Armour         | 1 2 3 4 5 6 7 9 10 11 12 13 | 13.4
Maces & Flails | 3 6 8 10 11 13 14 | 14.0
Invocations    | 2 3 4 6 7 10 11 12 13 14 | 14.3
Axes           | 1 2 4 5 7 |  7.0
Throwing       | 1 2 3 4 6 7 8 9 |  9.1
Dodging        | 3 4 6 7 8 9 10 11 12 | 12.4
Shields        | 1 3 5 9 11 | 11.6
Long Blades    | 3 5 |  5.9
Ranged Weapons | 2 4 5 6 7 8 |  8.4
Evocations     | 1 2 4 5 6 |  6.0
Translocations | 1 |  1.0
Transmutations | 1 |  1.1
Spellcasting   | |  1.3
Necromancy     | |  1.3

Action                     |  1- 3 |  4- 6 |  7- 9 | 10-12 | 13-15 | 16-18 || total
---------------------------+-------+-------+-------+-------+-------+-------++-------
  Melee: Mace              |    67 |     3 |       |       |       |       ||    70
         Headbutt          |     8 |     3 |    34 |   107 |   180 |    47 ||   379
         War axe           |       |    38 |    38 |       |       |       ||    76
         Punch             |       |       |     3 |       |     8 |     3 ||    14
         Hand axe          |       |       |   106 |       |       |       ||   106
         Great mace        |       |       |     2 |   394 |   416 |       ||   812
         Unarmed           |       |       |       |     5 |       |       ||     5
         Demon whip        |       |       |       |       |   238 |   213 ||   451
   Fire: Arbalest          |       |       |       |     8 |     3 |       ||    11
         Shortbow          |       |       |       |       |       |    15 ||    15
  Throw: Dart              |    28 |    37 |    66 |   137 |   148 |    55 ||   471
         Javelin           |       |     3 |    14 |    18 |    67 |    22 ||   124
         Throwing net      |       |     2 |     2 |     1 |       |       ||     5
         Boomerang         |       |       |       |       |    75 |       ||    75
   Cast: Kiss of Death     |     1 |       |       |       |       |       ||     1
 Invoke: Bend Time         |       |     3 |     3 |     5 |    13 |     4 ||    28
         Temporal Distorti |       |       |     1 |     2 |     4 |       ||     7
         Slouch            |       |       |       |     9 |     4 |     4 ||    17
         Step From Time    |       |       |       |       |     1 |       ||     1
  Evoke: Wand              |       |       |       |    18 |    29 |    25 ||    72
         Condenser vane    |       |       |       |     1 |     4 |     2 ||     7
         Phial of floods   |       |       |       |       |     5 |     1 ||     6
         Tin of tremorston |       |       |       |       |     2 |     1 ||     3
    Use: Scroll            |       |    18 |     4 |     8 |    25 |     4 ||    59
         Potion            |       |     3 |    12 |     3 |     2 |     3 ||    23
   Stab: Invisible         |       |       |     2 |     2 |     2 |       ||     6
         Betrayed ally     |       |       |       |     1 |       |       ||     1
         Petrified         |       |       |       |     1 |     1 |       ||     2
         Confused          |       |       |       |       |     4 |       ||     4
         Fleeing           |       |       |       |       |     1 |       ||     1
 Armour: Ring mail         |    22 |       |       |       |       |       ||    22
         Chain mail        |     3 |    36 |    69 |       |       |       ||   108
         Plate armour      |       |       |     1 |   239 |   468 |    59 ||   767
         Skin              |       |       |       |     1 |       |       ||     1
  Dodge: Dodged            |    45 |    25 |   101 |   283 |   651 |   156 ||  1261
  Block: Other             |       |       |    14 |   130 |   188 |    36 ||   368
         Reflection        |       |       |     2 |     3 |     7 |     6 ||    18

Table legend: (Time is in decaauts)
 A = Elapsed time spent in this place.
 B = Non-inter-level travel time spent in this place.
 C = Inter-level travel time spent in this place.
 D = Time resting spent in this place.
 E = Time spent auto-exploring this place.
 F = Levels seen in this place.
 G = Mean time per level.
                   A        B        C        D        E       F      G
               +--------+--------+--------+--------+--------+-----+--------+
         Total |  37111 |  33633 |   3478 |   1836 |  26478 |  23 | 1613.5 |
       Dungeon |  22759 |  20698 |   2061 |    725 |  16975 |  15 | 1517.3 |
          Lair |  11445 |  10129 |   1316 |   1109 |   7343 |   5 | 2289.0 |
     Snake Pit |     19 |     19 |      0 |      0 |      0 |   1 |   19.0 |
  Orcish Mines |   2887 |   2788 |     99 |      2 |   2159 |   2 | 1443.5 |
               +--------+--------+--------+--------+--------+-----+--------+

Top non-repeatable levels by time:
  Lair:5: 3031 daAuts
  Lair:3: 2594 daAuts
  Lair:1: 2550 daAuts
     D:6: 2264 daAuts
    D:10: 2194 daAuts
    D:13: 2183 daAuts
   Orc:2: 2068 daAuts
    D:15: 1890 daAuts
  Lair:2: 1858 daAuts
     D:7: 1843 daAuts
     D:9: 1797 daAuts
  Lair:4: 1410 daAuts
     D:2: 1405 daAuts
    D:14: 1370 daAuts
    D:12: 1318 daAuts
